 Dungeon Crawl Stone Soup version 0.29.0-13-gc9e81de378 (webtiles) character file.

Game seed: 9984737595350238367

67 Artool the Ducker (level 4, 33/34 HPs)
             Began as a Demonspawn Gladiator on Sept 7, 2022.
             Quit the game on level 3 of the Dungeon.
             The game lasted 00:02:29 (2389 turns).

Artool the Ducker (Demonspawn Gladiator)            Turns: 2389, Time: 00:02:30

Health: 33/34      AC:  4    Str: 16    XL:     4   Next: 0%
Magic:  4/4        EV: 13    Int:  9    God:
Gold:   141        SH:  0    Dex: 19    Spells: 3/3 levels left

rFire   . . .      SeeInvis .   a - +0 flail
rCold   . . .      Faith    .   (no shield)
rNeg    . . .      Spirit   .   b - +0 leather armour
rPois   .          Reflect  .   c - +0 helmet
rElec   .          Harm     .   (no cloak)
rCorr   .          Rampage  .   (no gloves)
Will    .....                   (no boots)
Stlth   +++.......              (no amulet)
HPRegen 0.11/turn               (no ring)
MPRegen 0.09/turn               (no ring)

@: no status effects
A: claws 1, thin skeletal structure 2
a: no special abilities


You were on level 3 of the Dungeon.
You visited 1 branch of the dungeon, and saw 3 of its levels.

You collected 141 gold pieces.

Inventory:

Hand Weapons
 a - a +0 flail (weapon)
Missiles
 d - 3 throwing nets (quivered)
 e - 4 javelins
Armour
 b - a +0 leather armour (worn)
 c - a +0 helmet (worn)
 l - the +2 kite shield "Tatikh" {+Blink Str-4 Int-3 Stlth+}
   (You found it on level 2 of the Dungeon)

   Str:       It affects your strength (-4).
   Int:       It affects your intelligence (-3).
   +Blink:    It lets you blink.
   Stlth:     It makes you more stealthy.
Jewellery
 m - a +6 ring of intelligence
 o - a ring of protection from fire
Wands
 n - a wand of charming (11)
Scrolls
 f - 2 scrolls of immolation {unknown}
 h - 6 scrolls of identify {unknown}
 j - a scroll of magic mapping {unknown}
 q - a scroll of fear {unknown}
Potions
 g - a potion of attraction {unknown}
 i - a potion of curing {unknown}
 k - 2 potions of heal wounds {unknown}
 p - a potion of mutation {unknown}
 r - a potion of magic {unknown}


   Skills:
 + Level 2.6 Fighting
 + Level 3.1 Maces & Flails
 - Level 2.0 Throwing
 + Level 1.3 Armour
 + Level 3.2 Dodging


You had 3 spell levels left.
You didn't know any spells.
Your spell library contained the following spells:

 Spells                   Type           Power      Damage    Failure   Level
 Portal Projectile        Hex/Tloc       0%         N/A       83%         3
 Tukima's Dance           Hex            0%         N/A       83%         3
 Blade Hands              Tmut           0%         N/A       100%        5


Dungeon Overview and Level Annotations

Branches:
Dungeon (3/15)

Altars:
Yredelemnul

Annotations:
D:3 1 transporter


Innate Abilities, Weirdness & Mutations

You have sharp fingernails.
You have a moderately thin skeletal structure. (Dex +4, Stealth++)


Message History

A giant cockroach comes into view.
You catch the helpless giant cockroach completely off-guard!
You hit the giant cockroach.
The giant cockroach is severely wounded.
The giant cockroach bites you but does no damage.
You hit the giant cockroach.
You kill the giant cockroach!
No target in view!
r - a cyan potion No target in view!
Found a sling.
You see here a +0 sling.
Found a stone staircase leading down.
No target in view!
No target in view!
There is a stone staircase leading up here.
A ball python comes into view.
A ball python is nearby!
The helpless ball python fails to defend itself.
You sock the ball python!
You kill the ball python!
No target in view!
No target in view!
No target in view!
You see here a ball python corpse.
A ball python is nearby!
You barely miss the ball python.
The ball python hisses angrily.
The ball python misses you. The ball python closely misses you.
The orc warrior shouts!
You hit the ball python.
The ball python is heavily wounded.
You hear a shout!
The ball python bites you. The ball python barely misses you.
You hit the ball python.
You kill the ball python!
You have reached level 4!
You feel agile.
Your demonic ancestry asserts itself...
Your fingernails lengthen.
Are you sure you want to abandon this character and quit the game? (Confirm with "yes".)

o## ##.#.### .#.8#. ###.#..###
#.#...#.## #..###....
##..#)(o......#..## #.#.#..###
#..©#_$....©..#©..######.##.#.# #
...#)?.....o)#...............#
#.#$(.#.#..s#.##...##~.##...#
#.#8.#...#.8#.##...#.≈≈.....#
#.##.......##.@.....≈.≈≈##..##
#.#..#########........≈..≈##...##
#..............#....≈≈~##≈≈#....#
###......#.#######...##.##≈#....#
######.).# #####...#.≈# ≈#.##.#
##..###......##≈~####....#
#...##.###.##≈~##.##..###
#....#.# #...≈....†.≈.# ##......#
##...#.###≈≈≈#


You could see an orc warrior and a scorpion.

Vanquished Creatures
  2 adders (D:3)
  2 worms (D:3)
  2 dart slugs
  2 endoplasms (D:2)
  2 giant cockroaches
  4 hobgoblins
  5 jackals
  4 quokkas
  5 ball pythons
  A bat (D:1)
  A frilled lizard (D:2)
  3 goblins
  4 kobolds
  2 rats (D:3)
39 creatures vanquished.

Notes
Turn   | Place    | Note
-------+----------+-------------------------------------------
     0 | D:1      | Artool the Demonspawn Gladiator began the quest for the
                  | Orb.
     0 | D:1      | Reached XP level 1. HP: 16/16 MP: 1/1
   410 | D:1      | Found a faded altar of an unknown god.
   436 | D:1      | Found Goerur's Antique Armour Shoppe.
   440 | D:1      | Gained mutation: You have a somewhat thin skeletal
                  | structure. (Dex +2, Stealth+) [demonic ancestry]
   440 | D:1      | Reached XP level 2. HP: 18/22 MP: 2/2
   524 | D:1      | You fall into a shaft and drop 1 floor!
  1110 | D:2      | Identified the +2 kite shield "Tatikh" {+Blink Str-4 Int-3
                  | Stlth+}
  1625 | D:3      | Reached skill level 1 in Armour
  1625 | D:3      | Gained mutation: You have a moderately thin skeletal
                  | structure. (Dex +4, Stealth++) [demonic ancestry]
  1625 | D:3      | Reached XP level 3. HP: 19/28 MP: 3/3
  2139 | D:3      | Found a transporter.
  2147 | D:3      | Noticed a scorpion
  2148 | D:3      | Noticed an orc warrior
  2149 | D:3      | Found a basalt altar of Yredelemnul.
  2389 | D:3      | Gained mutation: You have sharp fingernails. [demonic
                  | ancestry]
  2389 | D:3      | Reached XP level 4. HP: 33/34 MP: 4/4
  2389 | D:3      | Quit the game

Illustrated notes

Levels and vault maps discovered:
D:1:      kilobyte_arrival_exit_the_forest, layout_rooms, serial_shops, shop,
          shapermc_ecumenical_altar_acropolis
D:2:      layout_basic
D:3:      layout_loops_ring, gammafunk_temple_overflow_arena,
          minmay_misc_feat_five, chequers_serial_rivers_small_b

Skill      XL: |  1  2 |
---------------+-------+-----
Throwing       | 2 |  2.0
Dodging        | 3 |  3.2
Maces & Flails | 3 |  3.1
Armour         | 1 |  1.3
Fighting       | |  2.6

Action                   |  1- 3 |  4- 6 || total
-------------------------+-------+-------++-------
Melee: Flail             |   125 |       ||   125
       Punch             |     1 |       ||     1
 Stab: Sleeping          |     8 |       ||     8
       Distracted        |     1 |       ||     1
Armor: Leather armour    |    38 |       ||    38
Dodge: Dodged            |    73 |       ||    73
